 Dungeon Crawl Stone Soup version 0.22.1-1-ga44c0e5 (webtiles) character file.

77 dvd the Sneak (level 4, -2/27 HPs)
             Began as an Octopode Fire Elementalist on Oct 4, 2018.
             Slain by a goblin (4 damage)
             ... led by Robin
             ... on level 3 of the Dungeon.
             The game lasted 00:03:29 (1892 turns).

dvd the Sneak (Octopode Fire Elementalist)          Turns: 1892, Time: 00:03:29

Health: -2/27      AC:  1    Str:  7    XL:     4   Next: 34%
Magic:  4/7        EV: 13    Int: 18    God:
Gold:   47         SH:  0    Dex: 12    Spells: 2/7 levels left

rFire    . . .     SeeInvis .   l - +2 flail (crush)
rCold    . . .     Gourm    .   (no shield)
rNeg     . . .     Faith    .   (helmet restricted)
rPois    .         Spirit   .   (no amulet)
rElec    .         Reflect  .   (no ring)
rCorr    .         Harm     .   (no ring)
MR       .....                  (no ring)
Stlth    +++.......             (no ring)
HPRegen  0.09/turn              (no ring)
MPRegen  0.10/turn              (no ring)
                                (no ring)
                                (no ring)

@: no status effects
A: almost no armour, stealthy swim, amphibious, 8 rings, constrict 8, camouflage
1, gelatinous body 1
a: no special abilities


You were on level 3 of the Dungeon.
You were not hungry.

You visited 1 branch of the dungeon, and saw 3 of its levels.

You collected 47 gold pieces.

Inventory:

Hand Weapons
 a - a +0 spear
 d - a +2 dagger of venom
 l - a +2 flail of crushing (weapon)
Scrolls
 e - 2 scrolls of remove curse {unknown}
 g - 2 scrolls of fear {unknown}
 h - a scroll of identify {unknown}
Potions
 c - a potion of magic {unknown}
 f - a potion of berserk rage {unknown}
 i - a potion of brilliance {unknown}
 k - a potion of cancellation {unknown}
 m - a potion of might {unknown}
Comestibles
 b - 3 rations
 j - 3 chunks of flesh


   Skills:
 + Level 0.3 Short Blades
 + Level 0.2 Maces & Flails
 + Level 2.2 Dodging
 + Level 4.1 Stealth
 + Level 2.4 Spellcasting
 + Level 1.2 Conjurations
 + Level 3.8 Fire Magic


You had 2 spell levels left.
You knew the following spells:

 Your Spells              Type           Power        Failure   Level  Hunger
a - Flame Tongue          Conj/Fire      ##...        6%          1    #......
b - Throw Flame           Conj/Fire      ##....       9%          2    ##.....
c - Blink                 Tloc           N/A          26%         2    ##.....

Your spell library contained the following spells:

 Spells                   Type           Power        Failure   Level  Hunger
 Magic Dart               Conj           #...         11%         1    #......
 Call Imp                 Summ           #.......     26%         2    ##.....
 Slow                     Hex            #.......     26%         2    ##.....
 Conjure Flame            Conj/Fire      ##......     19%         3    ###....
 Inner Flame              Hex/Fire       #.......     24%         3    ###....
 Mephitic Cloud           Conj/Pois/Air  #.......     41%         3    ###....
 Sticky Flame             Conj/Fire      ##......     52%         4    #####..
 Fireball                 Conj/Fire      ##........   86%         5    ######.


Dungeon Overview and Level Annotations

Branches:
Dungeon (3/15)

Altars:
Fedhas
Xom

Annotations:
D:3 Robin


Innate Abilities, Weirdness & Mutations

You cannot wear most types of armour.
You are very stealthy in the water. (Stealth+)
You are amphibious.
You can wear up to eight rings at the same time.
You can use your tentacles to constrict eight enemies at once.
Your skin changes colour to match your surroundings (Stealth+).
Your rubbery body absorbs attacks. (AC +1, EV +1)


Message History

You hear the slow rusting of a distant drain.
The goblin hits you with a dagger of speed.
* * * LOW HITPOINT WARNING * * *
A hobgoblin comes into view. It is wielding a club.
The goblin closely misses you.
The goblin no longer looks unusually strong.
The goblin barely misses you.
The goblin no longer looks unusually strong.
Robin roars a battlecry!
The goblins go into a battle-frenzy!
You hear a shout! x2
The hobgoblin no longer looks unusually strong.
Robin roars a battlecry!
The hobgoblin goes into a battle-frenzy!
Robin throws the goblin at you!
* * * LOW HITPOINT WARNING * * *
You hit the goblin.
You kill the goblin!
The goblin hits you.
You die...

#.# ####
##########g#
#...g..gg..#
#g##########
#.# #.# #g#
#g# #@# #)#
#.# #.# #.#
#<# ###


You could see Robin, a hobgoblin and a goblin.

Vanquished Creatures
  3 adders
  2 worms
  2 dart slugs
  A leopard gecko (D:1)
  6 hobgoblins
  8 kobolds
  A quokka (D:2)
  2 bats (D:2)
  5 frilled lizards
  6 goblins
  8 rats
44 creatures vanquished.

Notes
Turn   | Place    | Note
-------+----------+-------------------------------------------
     0 | D:1      | dvd the Octopode Fire Elementalist began the quest for the
                  | Orb.
     0 | D:1      | Reached XP level 1. HP: 11/11 MP: 3/3
   204 | D:1      | Reached XP level 2. HP: 12/17 MP: 1/5
   339 | D:1      | Learned a level 2 spell: Throw Flame
   443 | D:1      | Reached skill level 3 in Stealth
   904 | D:2      | Reached XP level 3. HP: 21/21 MP: 3/6
   979 | D:2      | Learned a level 2 spell: Blink
  1541 | D:2      | Reached XP level 4. HP: 27/27 MP: 4/7
  1734 | D:2      | Found a blossoming altar of Fedhas.
  1734 | D:2      | Found a shimmering altar of Xom.
  1860 | D:3      | Reached skill level 4 in Stealth
  1863 | D:3      | Noticed Robin
  1892 | D:3      | Slain by a goblin

Skill      XL: |  1  2  3  4 |
---------------+-------------+-----
Stealth        | 3 4 |  4.1
Short Blades   | |  0.3
Maces & Flails | |  0.2
Dodging        | |  2.2
Spellcasting   | |  2.4
Conjurations   | |  1.2
Fire Magic     | |  3.8

Action                   |  1- 3 |  4- 6 || total
-------------------------+-------+-------++-------
Melee: Dagger            |    32 |       ||    32
       Tentacles         |     6 |     1 ||     7
       Constrict         |     9 |     2 ||    11
       Flail             |     2 |     9 ||    11
 Cast: Flame Tongue      |    21 |     7 ||    28
       Throw Flame       |     4 |     5 ||     9
 Stab: Sleeping          |     9 |       ||     9
  Eat: Chunk             |     2 |     2 ||     4
Armor: Skin              |       |     2 ||     2
Dodge: Dodged            |    15 |     6 ||    21
